Map: Curious Minds LE

Players

Solar - Winner!

  • Race: Zerg Zerg

HeroMarine

  • Race: Terran Terran

Event: TSL 8

VOD

Have the link to the VOD?

Description

Time

  • Played on: Dec. 5, 2021, 8:08 a.m.
  • Length: 19:34

All games in this series

Show
View Real Time Build Order
Export as new Build Order

Solar Zerg - Winner!

Build Orders: Hatch First, Lurkers 

Get SALT Encoding   

  12  0:01  Drone  
  13  0:12  Overlord  
  13  0:17  Drone  
  14  0:31  Drone  
  14  0:32  Drone  
  16  0:49  Hatchery  
  15  0:52  Drone  
  15  0:55  Drone  
  17  0:59  Drone  
  18  1:09  Extractor  
  17  1:14  Spawning Pool  
  17  1:16  Drone  
  17  1:20  Drone  
  18  1:28  Drone  
  19  1:39  Drone  
  20  1:50  Drone  
  21  2:03  Zergling x4, Queen x2  
  27  2:12  Overlord  
  27  2:13  Zergling x2  
  28  2:24  Drone, Hatchery  
  28  2:31  Drone  
  28  2:33  Drone x2  
  31  2:40  Queen  
  33  2:45  Metabolic Boost  
  33  2:50  Overlord  
  33  2:53  Drone  
  33  2:55  Drone  
  33  2:57  Drone  
  36  3:09  Drone x2  
  36  3:11  Drone x3  
  41  3:16  Queen  
  41  3:19  Overlord  
  43  3:21  Drone  
  44  3:32  Overlord  
  44  3:35  Queen  
  44  3:37  Drone x3  
  49  3:41  Drone  
  49  3:44  Drone x3  
  49  3:48  Drone  
  54  3:49  Drone x3  
  57  3:56  Queen  
  57  3:57  Drone  
  57  4:01  Drone  
  61  4:03  Drone  
  61  4:05  Zergling x2  
  61  4:09  Overlord  
  63  4:11  Drone  
  63  4:13  Queen  
  63  4:14  Overlord  
  66  4:20  Overlord  
  66  4:24  Overlord  
  66  4:27  Overlord  
  66  4:29  Drone x3  
  66  4:30  Drone  
  70  4:31  Queen  
  70  4:34  Lair  
  70  4:35  Drone  
  70  4:37  Zergling x2  
  74  4:43  Drone, Baneling Nest  
  74  4:44  Drone, Extractor  
  74  4:45  Spore Crawler  
  73  4:46  Drone, Spore Crawler, Extractor  
  73  4:47  Drone  
  73  4:48  Drone  
  73  4:49  Drone  
  75  4:53  Drone  
  75  4:54  Drone  
  75  4:55  Drone  
  75  4:56  Spore Crawler  
  75  4:57  Drone  
  79  5:00  Drone  
  79  5:03  Drone x2  
  79  5:05  Drone x3  
  84  5:11  Evolution Chamber x2  
  84  5:13  Zergling x2  
  83  5:17  Drone x5, Extractor  
  83  5:18  Extractor  
  83  5:19  Overlord  
  83  5:21  Zergling x4  
  88  5:22  Drone  
  88  5:27  Overlord  
  89  5:28  Zergling x2  
  89  5:34  Overseer, Centrifugal Hooks  
  89  5:35  Overlord  
  89  5:40  Drone x4  
  94  5:42  Drone  
  94  5:44  Zerg Ground Armor Level 1  
  94  5:47  Drone x2  
  94  5:48  Zergling x4  
  98  5:53  Overlord  
  98  5:56  Zergling x8  
  102  5:58  Drone  
  102  5:59  Hatchery  
  102  6:05  Zergling x2  
  102  6:10  Zergling x4  
  105  6:17  Pneumatized Carapace  
  105  6:18  Zerg Melee Weapons Level 1  
  105  6:19  Zergling x16  
  105  6:20  Baneling x4  
  105  6:21  Baneling x5  
  113  6:26  Drone  
  113  6:27  Drone  
  113  6:28  Overlord  
  115  6:37  Zergling x2  
  116  6:41  Overlord  
  116  6:42  Hydralisk Den, Zergling x2  
  116  6:44  Zergling x4  
  116  6:45  Zergling x2  
  116  6:46  Overlord  
  116  6:47  Zergling x4  
  121  6:50  Drone  
  121  6:51  Zergling x8  
  121  6:52  Overseer, Baneling x2  
  121  6:53  Overlord  
  126  7:03  Drone  
  126  7:04  Drone  
  124  7:11  Zergling x2  
  124  7:12  Zergling x8  
  124  7:15  Zergling x6  
  125  7:20  Baneling x2, Zergling x6  
  125  7:21  Queen  
  130  7:23  Muscular Augments  
  130  7:28  Hydralisk x4  
  130  7:29  Zergling x6  
  141  7:35  Baneling x5  
  141  7:36  Zergling x4  
  142  7:39  Drone  
  142  7:41  Spore Crawler  
  142  7:42  Hatchery  
  142  7:43  Overlord  
  141  7:45  Zergling x2  
  141  7:46  Zergling x8  
  141  7:48  Zergling x6  
  146  7:53  Overlord  
  146  7:56  Zergling x8  
  146  7:57  Zergling x2  
  149  8:02  Infestation Pit, Extractor, Zerg Ground Armor Level 2  
  149  8:03  Zergling x2  
  147  8:05  Zergling x2  
  147  8:06  Zergling x2  
  147  8:10  Baneling x4  
  147  8:11  Drone x4  
  154  8:12  Zergling x2  
  154  8:13  Zergling x6  
  154  8:14  Baneling x2  
  154  8:15  Baneling  
  156  8:20  Zergling x8  
  156  8:25  Zergling x8  
  156  8:26  Zergling x4  
  165  8:33  Hydralisk x3  
  160  8:39  Hive, Zergling x10  
  160  8:40  Zergling x2  
  161  8:41  Zergling x4  
  161  8:44  Overlord  
  161  8:48  Drone x4, Baneling x5  
  165  8:51  Overlord  
  165  8:54  Hydralisk x4, Grooved Spines  
  165  8:55  Hydralisk  
  176  8:57  Drone x2  
  176  8:58  Lurker Den  
  176  9:00  Spore Crawler  
  176  9:02  Drone x2  
  178  9:06  Zergling x4  
  175  9:11  Zergling x14  
  175  9:13  Drone  
  181  9:17  Drone x2  
  181  9:18  Extractor  
  181  9:22  Zergling x4  
  184  9:26  Baneling x6  
  184  9:27  Baneling x2  
  184  9:28  Zergling x18  
  192  9:32  Zerg Melee Weapons Level 2  
  192  9:33  Overlord  
  192  9:37  Overlord  
  192  9:42  Overlord  
  192  9:44  Drone x2  
  189  9:46  Zergling x10  
  189  9:52  Viper  
  197  9:54  Adrenal Glands  
  197  9:55  Drone  
  197  9:59  Viper  
  197  10:02  Drone x2  
  197  10:04  Extractor  
  198  10:14  Seismic Spines  
  197  10:15  Hatchery  
  197  10:16  Zergling x8  
  197  10:18  Zerg Missile Weapons Level 1  
  199  10:21  Baneling x6  
  199  10:22  Baneling  
  199  10:24  Baneling x7  
  199  10:29  Baneling x7  
  199  10:44  Baneling x6  
  199  10:46  Zergling x6  
  199  10:48  Zergling x8  
  200  10:55  Zergling x2  
  199  11:05  Hatchery  
  199  11:06  Zergling x2  
  199  11:11  Adaptive Talons  
  199  11:15  Zergling x2  
  184  11:53  Zergling x18  
  166  11:56  Zergling x18  
  166  11:57  Zergling x30  
  166  11:58  Zergling x30  
  200  12:01  Overseer  
  200  12:04  Overseer  
  200  12:07  Baneling x11  
  199  12:10  Drone, Spore Crawler  
  193  12:23  Zergling x12  
  193  12:27  Baneling x9  
  193  12:28  Baneling  
  193  12:29  Zerg Melee Weapons Level 3  
  198  12:30  Zerg Ground Armor Level 3  
  198  12:32  Zergling x2  
  193  12:50  Drone x2  
  195  12:55  Lurker x5  
  198  13:02  Overseer  
  198  13:05  Baneling x8, Zergling x4  
  199  13:15  Overlord  
  199  13:20  Overlord  
  182  13:28  Zergling x16  
  182  13:30  Hydralisk  
  182  13:31  Hydralisk x3  
  182  13:32  Zergling x2  
  180  13:34  Zergling x4  
  180  13:35  Zergling x42  
  180  13:38  Hydralisk x2  
  183  13:43  Zergling x22  
  183  13:48  Hydralisk x5  
  184  13:52  Overseer x3  
  191  13:56  Zergling x12  
  191  14:00  Zergling x8  
  190  14:04  Baneling x17  
  190  14:05  Baneling x13  
  190  14:07  Zergling x12  
  190  14:08  Lurker x4  
  200  14:12  Hatchery  
  199  14:35  Zergling x6  
  196  14:39  Zergling x6  
  196  14:42  Zergling x14  
  196  14:43  Zergling x2  
  196  14:44  Zergling x22  
  196  14:45  Zergling x2  
  192  14:54  Zergling x20  
  192  14:55  Zergling x2  
  192  14:59  Baneling x25  
  192  15:01  Zergling x10  
  192  15:04  Overseer  
  197  15:07  Nydus Network  
  197  15:08  Lurker x2  
  197  15:09  Zergling x6  
  199  15:23  Baneling x6  
  198  15:39  Zergling x2  
  198  15:40  Zergling x8  
  198  15:41  Zergling x24  
  196  15:44  Zergling x14  
  196  15:46  Zergling x10  
  196  15:47  Burrow  
  196  15:49  Zergling x2  
  199  15:50  Nydus Canal  
  199  15:52  Zergling x2  
  199  15:53  Zergling x2  
  199  15:56  Zergling x6  
  199  15:57  Zergling x4  
  200  15:58  Overseer, Zergling x10  
  200  16:02  Baneling x4  
  200  16:03  Baneling x7  
  200  16:08  Zergling x2  
  199  16:13  Nydus Canal  
  157  16:26  Zergling x46  
  157  16:29  Hydralisk x3  
  157  16:32  Hydralisk x4  
  155  16:33  Hydralisk x4  
  155  16:35  Hydralisk x2  
  155  16:38  Zergling x8  
  155  16:39  Overlord  
  171  16:40  Overseer  
  171  16:41  Overseer x3, Overlord  
  171  16:42  Hydralisk  
  169  16:48  Baneling x24  
  169  16:51  Zergling x12  
  169  16:53  Hydralisk x2  
  179  16:55  Baneling x6  
  179  16:57  Zergling x2  
  179  16:58  Zergling x6  
  183  17:02  Zergling x6  
  183  17:03  Zergling x22, Nydus Canal  
  183  17:05  Baneling x2  
  196  17:08  Hydralisk x2  
  196  17:10  Zerg Missile Weapons Level 2  
  199  17:16  Zergling x2  
  196  17:23  Nydus Canal  
  177  17:32  Zergling x30  
  177  17:33  Zergling x16  
  177  17:34  Zergling x2  
  177  17:35  Zergling x2  
  177  17:36  Overlord  
  182  17:40  Overlord  
  182  17:42  Zergling x2  
  182  17:43  Hydralisk x4  
  166  17:46  Zergling x2  
  166  17:47  Nydus Canal  
  166  17:49  Zergling x4  
Show
View Real Time Build Order
Export as new Build Order

HeroMarine Terran 

Build Orders: Reaper Expand, Hellion Banshee 

Get SALT Encoding   

  12  0:00  SCV  
  13  0:12  SCV  
  14  0:17  Supply Depot  
  14  0:24  SCV  
  15  0:38  SCV  
  15  0:40  Barracks  
  16  0:43  Refinery  
  16  0:50  SCV  
  17  1:02  SCV  
  18  1:15  SCV  
  19  1:27  Reaper, Orbital Command  
  20  1:39  Command Center  
  20  1:48  Supply Depot  
  20  1:52  SCV  
  21  1:59  Marine  
  22  2:05  SCV  
  23  2:08  Factory  
  23  2:17  SCV  
  23  2:21  Barracks Reactor  
  24  2:29  SCV  
  25  2:38  Command Center  
  25  2:42  SCV  
  26  2:51  Orbital Command  
  26  2:54  SCV  
  27  3:04  Starport  
  27  3:06  SCV  
  27  3:08  Refinery  
  27  3:11  Hellion  
  30  3:14  Hellion  
  30  3:17  SCV  
  30  3:18  SCV  
  34  3:21  Barracks Tech Lab  
  34  3:29  SCV  
  34  3:30  SCV  
  34  3:32  Hellion  
  38  3:35  Hellion  
  40  3:41  SCV  
  40  3:43  SCV  
  40  3:47  Banshee  
  45  3:51  Orbital Command  
  45  3:54  SCV  
  45  3:55  SCV  
  47  3:57  Cloaking Field  
  47  3:59  Hellion  
  47  4:02  Hellion  
  51  4:07  Barracks Tech Lab  
  51  4:09  Supply Depot  
  51  4:11  SCV x2  
  53  4:20  SCV  
  53  4:23  Hellion, SCV  
  53  4:24  Hellion  
  59  4:30  Banshee, SCV  
  63  4:31  Supply Depot  
  63  4:32  SCV  
  63  4:35  SCV  
  63  4:37  Marine  
  66  4:39  Stimpack  
  66  4:42  SCV  
  66  4:44  SCV  
  68  4:48  Supply Depot  
  68  4:52  Factory Reactor  
  68  4:54  Marine  
  68  4:56  Barracks  
  68  4:58  SCV  
  68  4:59  SCV, Refinery x2, Barracks  
  71  5:02  SCV  
  72  5:10  SCV  
  72  5:11  SCV  
  72  5:12  Engineering Bay, Marine  
  72  5:13  Engineering Bay  
  75  5:15  SCV  
  76  5:22  SCV  
  76  5:23  SCV  
  76  5:25  Supply Depot  
  76  5:26  Supply Depot  
  76  5:27  Starport Reactor  
  78  5:29  Orbital Command  
  78  5:30  Marine  
  78  5:34  SCV  
  78  5:35  SCV  
  81  5:42  Terran Infantry Weapons Level 1, Terran Infantry Armor Level 1  
  81  5:46  SCV  
  81  5:47  SCV  
  81  5:48  Marine  
  84  5:51  Supply Depot  
  84  5:52  Barracks  
  84  5:53  Marine x2, Barracks  
  84  5:54  Marine x2  
  84  5:56  SCV  
  89  6:04  Siege Tank  
  92  6:06  Marine  
  92  6:09  Supply Depot, Medivac  
  95  6:11  Medivac, Marine x2  
  95  6:12  SCV  
  95  6:13  SCV  
  95  6:14  SCV  
  102  6:18  Marine  
  102  6:21  Marine  
  102  6:24  SCV, Marine  
  102  6:25  SCV  
  107  6:26  SCV  
  107  6:29  Marine  
  109  6:35  Supply Depot  
  109  6:36  Supply Depot x2, SCV  
  109  6:37  SCV  
  109  6:38  SCV  
  109  6:39  Medivac, Marine  
  114  6:40  Marine x2  
  114  6:42  Barracks Reactor x2, Combat Shield  
  117  6:53  Refinery  
  117  6:54  SCV x2  
  117  6:56  SCV, Siege Tank, Marine x2  
  117  6:57  Marine  
  117  6:59  Supply Depot  
  124  7:01  Marine x2  
  124  7:03  Supply Depot  
  124  7:07  SCV  
  127  7:08  SCV  
  127  7:10  SCV  
  127  7:14  Marine x2  
  127  7:15  Marine  
  126  7:17  Medivac x2  
  126  7:19  Marine x2  
  126  7:20  SCV  
  126  7:22  Marine x3  
  137  7:25  Supply Depot, Marine  
  137  7:27  Factory  
  138  7:31  Marine x2, Armory  
  138  7:33  Marine  
  141  7:37  Marine x2  
  141  7:39  Marine  
  141  7:40  Marine x2  
  141  7:43  Marine  
  147  7:49  Widow Mine, Medivac x2, Marine x2  
  147  7:51  Marine  
  154  7:55  Marine x2  
  154  7:57  Marine x2  
  154  7:58  Marine  
  157  8:05  Sensor Tower  
  157  8:07  Supply Depot  
  157  8:08  Supply Depot  
  157  8:22  Marine x2  
  157  8:23  Marine x2  
  157  8:24  Factory Tech Lab  
  157  8:25  Marine x2  
  149  8:28  Medivac x2, Siege Tank, Marine  
  149  8:29  Marine x2  
  149  8:40  Command Center, Marine x3, Barracks  
  149  8:41  Marine, Barracks  
  145  8:42  Siege Tank, Barracks  
  145  8:43  Marine x2  
  145  8:45  SCV x3  
  145  8:46  Marine  
  145  8:47  Marine x2  
  156  8:58  Marine x3  
  156  8:59  Marine  
  156  9:00  Siege Tank  
  156  9:01  Refinery, Marine x2  
  160  9:12  Marine  
  160  9:14  Terran Infantry Weapons Level 2, Siege Tank  
  164  9:23  Marine  
  164  9:24  Marine  
  165  9:27  Barracks Tech Lab  
  165  9:28  Supply Depot, Barracks Tech Lab  
  165  9:29  Supply Depot, Barracks Tech Lab  
  165  9:34  Terran Infantry Armor Level 2  
  165  9:41  Marine  
  165  9:43  Marine x2  
  165  9:46  Terran Vehicle And Ship Armor Level 1  
  165  9:50  Supply Depot, Medivac, Siege Tank x2, SCV x3, Marine x5  
  165  9:52  Supply Depot  
  181  9:54  Marine  
  181  9:56  Marine x3  
  181  9:57  Medivac  
  181  9:59  Marine  
  182  10:01  Marine x2  
  184  10:07  Marine x3  
  184  10:08  Marine  
  184  10:10  SCV x3  
  184  10:13  Marine x2  
  195  10:14  Marauder x3  
  195  10:18  Marine  
  200  10:23  Refinery  
  200  10:25  Missile Turret  
  200  10:26  Refinery  
  200  10:29  Ghost Academy  
  199  10:52  Planetary Fortress  
  199  10:54  Command Center x2  
  199  10:57  Command Center  
  200  11:13  Command Center  
  200  11:14  Factory  
  200  11:15  Armory  
  199  11:34  Unknown x2  
  199  11:37  Personal Cloaking  
  199  11:39  Unknown  
  196  11:40  Terran Vehicle Weapons Level 1  
  195  11:47  Terran Infantry Weapons Level 3  
  176  11:56  Marine x2  
  176  12:00  Siege Tank x2  
  182  12:06  Marine x2  
  182  12:07  Orbital Command  
  182  12:08  Unknown x2  
  188  12:13  Marauder, Unknown  
  188  12:15  Marauder, Unknown  
  192  12:19  Command Center  
  192  12:24  Liberator  
  195  12:31  Missile Turret, Factory Tech Lab  
  195  12:32  Orbital Command  
  195  12:33  Missile Turret  
  195  12:36  Unknown  
  195  12:37  Unknown  
  199  12:41  Terran Infantry Armor Level 3  
  197  12:48  Sensor Tower  
  197  12:52  Missile Turret  
  197  12:53  Planetary Fortress  
  194  13:03  Unknown, Enhanced Shockwaves  
  194  13:05  Unknown  
  199  13:15  Refinery  
  199  13:17  Planetary Fortress  
  187  13:28  Orbital Command  
  187  13:29  Unknown  
  187  13:31  Siege Tank x2, Orbital Command  
  187  13:33  Orbital Command  
  186  13:36  Marine x2  
  186  13:37  Marauder, Missile Turret  
  186  13:39  Unknown x2  
  163  13:42  Siege Tank  
  163  13:43  Marine x2  
  163  13:44  SCV x3  
  163  13:45  SCV x2  
  163  13:56  SCV x2  
  163  13:57  SCV x6  
  169  14:03  Siege Tank  
  169  14:04  SCV  
  169  14:05  Unknown  
  169  14:08  SCV x2  
  169  14:09  SCV  
  176  14:15  SCV x3  
  179  14:21  Marine x3  
  179  14:22  Marine  
  187  14:30  Siege Tank, Unknown x2  
  190  14:35  Siege Tank  
  190  14:37  Marauder x2  
  188  14:47  Unknown x2  
  188  14:52  Marauder  
  185  14:56  Marine x2  
  185  14:58  Factory Tech Lab, Marine x2  
  185  14:59  SCV x2  
  187  15:00  Refinery, Orbital Command  
  187  15:02  Siege Tank  
  187  15:04  Liberator, Refinery  
  187  15:06  Liberator  
  196  15:07  Siege Tank  
  199  15:19  Orbital Command  
  199  15:23  Command Center  
  199  15:25  Missile Turret  
  199  15:28  Missile Turret  
  198  15:47  Siege Tank  
  198  15:49  SCV, Command Center  
  189  15:51  Command Center  
  186  15:58  Orbital Command  
  186  16:01  Orbital Command  
  186  16:03  Marauder x2, Marine x2  
  188  16:10  Unknown x2  
  187  16:17  Marauder  
  172  16:29  Marauder  
  172  16:30  Marine x2  
  172  16:32  Marine x3, Orbital Command  
  162  16:34  SCV  
  162  16:35  SCV  
  162  16:37  Liberator, SCV x3  
  162  16:38  Liberator, Marauder  
  172  16:46  SCV  
  172  16:47  SCV  
  174  16:49  SCV x3  
  174  16:50  Marauder  
  179  16:56  Unknown x2  
  179  16:57  Marauder  
  179  16:59  SCV  
  185  17:01  Siege Tank x2  
  187  17:10  Concussive Shells  
  180  17:15  Siege Tank  
  180  17:18  Marauder  
  180  17:19  Marine x3  
  176  17:23  Marauder  
  170  17:35  Marine  
  170  17:36  Marine  
  170  17:37  Siege Tank x2  
  157  17:38  Marauder  
  157  17:39  Marine x2  
  157  17:40  Marauder  
  157  17:42  SCV x2, Marine x2  
  157  17:43  Marine  
  142  17:47  Marine  
Tags
 
Add a new tag
Caveats
  • Supply blocks, unpowered buildings, or Contaminate may cause inaccurate times.
  • Supply counts are checked every 10 seconds.